 Dungeon Crawl Stone Soup version 0.31-a0-662-g684573625c (webtiles) character file.

Game seed: 10670233992012648768

37 sampeng1 the Trooper (level 3, 0/33 HPs)
             Began as a Hill Orc Monk on Aug 31, 2023.
             Slain by a gnoll
             ... wielding a +0 halberd
              (8 damage)
             ... on level 2 of the Dungeon.
             The game lasted 00:04:15 (1216 turns).

sampeng1 the Trooper (Hill Orc Monk)                Turns: 1216, Time: 00:04:15

Health: 0/33       AC:  3    Str: 15    XL:     3   Next: 41%
Magic:  3/3        EV: 13    Int: 10    God:
Gold:   81         SH:  0    Dex: 19    Spells: 2/2 levels left

rFire   . . .        a - +0 hand axe
rCold   . . .        d - orb {light}
rNeg    . . .        k - +0 leather armour
rPois   .            (no helmet)
rElec   .            (no cloak)
rCorr   +            (no gloves)
SInv    .            (no boots)
Will    .....        (no amulet)
Stlth   +            l - ring of resist corrosion
HPRegen 0.25/turn    m - +6 ring of dexterity
MPRegen 0.08/turn

%: no passive effects
@: glowing
A: no striking features
a: no special abilities


You were on level 2 of the Dungeon.
You visited 1 branch of the dungeon, and saw 2 of its levels.

You collected 81 gold pieces.

Inventory:

Hand Weapons
 a - a +0 hand axe (weapon)
 g - a +0 long sword
Missiles
 p - 2 javelins (quivered)
Armour
 b - a +0 robe
 d - an orb of light (worn)
 f - a +0 buckler
 k - a +0 leather armour (worn)
Jewellery
 l - a ring of resist corrosion (left hand)
 m - a +6 ring of dexterity (right hand)
Scrolls
 e - 3 scrolls of identify {unknown}
 h - a scroll of teleportation {unknown}
Potions
 c - a potion of ambrosia
 i - a potion of heal wounds {unknown}
 j - a potion of enlightenment {unknown}
 n - 2 potions of cancellation {unknown}
 o - a potion of might {unknown}


   Skills:
 + Level 4.2 Fighting
 - Level 1.2 Long Blades
 + Level 4.2 Axes
 + Level 0.1 Armour
 + Level 2.9 Dodging


You had 2 spell levels left.
You didn't know any spells.
Your spell library contained the following spells:

 Spells                   Type           Power      Damage    Failure   Level
 Summon Small Mammal      Summ           0%         N/A       43%         1
 Call Canine Familiar     Summ           0%         N/A       80%         3
 Summon Guardian Golem    Hex/Summ       0%         N/A       80%         3


Dungeon Overview and Level Annotations

Branches:
Dungeon (2/15)

Altars:

Shops:
D:2 ?


Message History

The hobgoblin hits you but does no damage.
The hobgoblin misses you.
You barely miss the hobgoblin.
The hobgoblin is severely wounded.
The hobgoblin closely misses you.
You hit the hobgoblin but do no damage.
The hobgoblin is severely wounded.
The hobgoblin barely misses you.
You hit the hobgoblin.
You kill the hobgoblin!
A quokka comes into view.
You barely miss the quokka. The quokka misses you.
The quokka closely misses you.
You hit the quokka.
The quokka is moderately wounded.
The quokka bites you.
You hit the quokka.
You kill the quokka!
You see here a quokka corpse.
You see here a quokka corpse.
A frilled lizard comes into view.
The frilled lizard hisses angrily.
A rat comes into view.
The frilled lizard misses you.
You hit the frilled lizard.
The frilled lizard is heavily wounded.
The frilled lizard closely misses you.
You hit the frilled lizard.
You kill the frilled lizard!
Found a sling. 2 gnolls come into view.
The gnoll hits you from afar with a +0 halberd!
A gnoll comes into view. It is wielding a +0 flail.
The gnoll hits you with a +0 halberd!
* * * LOW HITPOINT WARNING * * *
You barely miss the gnoll. The gnoll barely misses you.
You hit the gnoll.
The gnoll is moderately wounded.
The gnoll hits you from afar with a +0 halberd!
You die...

###
#...#######.###
#.......@ggg..#
........###.#.#
##.####.# #.#
#.# #.# #.# #.#
#.######## ##..


You could see 3 gnolls.

Vanquished Creatures
  An adder (D:2)
  A worm (D:2)
  3 endoplasms (D:1)
  A giant cockroach (D:1)
  4 hobgoblins
  2 kobolds
  2 quokkas
  4 ball pythons
  A bat (D:1)
  3 frilled lizards
  3 rats (D:1)
25 creatures vanquished.

Notes
Turn   | Place    | Note
-------+----------+-------------------------------------------
     0 | D:1      | sampeng1 the Hill Orc Monk began the quest for the Orb.
     0 | D:1      | Reached XP level 1. HP: 19/19 MP: 1/1
   170 | D:1      | Reached XP level 2. HP: 8/27 MP: 2/2
   313 | D:1      | Found a faded altar of an unknown god.
   828 | D:2      | Found Gusek's Magic Scroll Shop.
   866 | D:2      | Reached skill level 1 in Long Blades
  1043 | D:2      | Reached XP level 3. HP: 32/33 MP: 3/3
  1216 | D:2      | Slain by a gnoll

Illustrated notes

Levels and vault maps discovered:
D:1:      ebering_trefoil_twist, layout_loops_ring,
          shapermc_ecumenical_altar_notcrosses, minmay_liquid_box
D:2:      layout_loops_ring, serial_shops, nicolae_shop_tiny_waterfront,
          amcnicky_mini_pool_small, serial_park_tiny_1

Skill      XL: |  1  2 |
---------------+-------+-----
Fighting       | 4 |  4.2
Long Blades    | 1 |  1.2
Axes           | |  4.2
Armour         | |  0.1
Dodging        | |  2.9

Action                     || total
---------------------------++-------
  Melee: Hand axe          ||    30
         Long sword        ||    39
 Armour: Robe              ||    13
         Leather armour    ||    22
  Dodge: Dodged            ||    56

Table legend: (Time is in decaauts)
 A = Elapsed time spent in this place.
 B = Non-inter-level travel time spent in this place.
 C = Inter-level travel time spent in this place.
 D = Time resting spent in this place.
 E = Time spent auto-exploring this place.
 F = Levels seen in this place.
 G = Mean time per level.
                   A        B        C        D        E       F      G
               +--------+--------+--------+--------+--------+-----+--------+
         Total |   1232 |   1197 |     35 |      0 |    846 |   2 |  616.0 |
       Dungeon |   1232 |   1197 |     35 |      0 |    846 |   2 |  616.0 |
               +--------+--------+--------+--------+--------+-----+--------+

Top non-repeatable levels by time:
     D:1: 808 daAuts
     D:2: 423 daAuts
